Map: Paladino Terminal LE

Players

Obilux

  • Race: Terran Terran
  • League: Diamond
  • Spawn Location: 9:00

YamatoSC - Winner!

  • Race: Zerg Zerg
  • League: Diamond
  • Spawn Location: 5:00

VOD

Have the link to the VOD?

Description

Time

  • Played on: Feb. 3, 2017, 3:01 a.m.
  • Length: 4:00
Show
View Real Time Build Order
Export as new Build Order

Obilux Terran 

Build Orders: Reaper Expand 

Get SALT Encoding   

  12  0:01  SCV  
  13  0:13  SCV  
  14  0:18  Supply Depot  
  14  0:25  SCV  
  15  0:40  SCV, Barracks  
  16  0:48  Refinery  
  16  0:52  SCV  
  17  1:04  SCV  
  18  1:16  SCV  
  19  1:30  Orbital Command  
  19  1:31  Reaper  
  20  1:44  Command Center  
  20  1:55  Barracks  
  20  1:59  SCV  
  21  2:06  Barracks Reactor  
  21  2:11  SCV  
  22  2:15  Supply Depot  
  22  2:17  Refinery  
  22  2:23  SCV  
  23  2:30  Factory  
  22  2:43  Bunker  
  22  2:46  Marine  
  22  2:48  Bunker  
  22  2:49  Marine  
  24  2:53  Marine  
  25  3:04  Marine  
  24  3:14  Cyclone  
  24  3:19  Marine x2  
  28  3:34  Marine  
  28  3:37  Marine  
Show
View Real Time Build Order
Export as new Build Order

YamatoSC Zerg - Winner!

Build Orders: Pool Only, Ravager All-In 

Get SALT Encoding   

  12  0:01  Drone  
  13  0:10  Drone  
  14  0:26  Spawning Pool  
  13  0:30  Drone  
  14  0:36  Extractor, Drone  
  14  0:43  Extractor  
  14  0:44  Drone  
  14  0:52  Overlord  
  14  1:14  Roach Warren  
  13  1:22  Overlord  
  13  1:53  Roach  
  13  1:54  Roach x2  
  19  2:06  Roach  
  21  2:15  Ravager x3  
  24  2:22  Roach  
  26  2:38  Ravager  
  26  2:40  Roach  
  29  2:47  Overlord  
  29  2:55  Ravager  
  30  3:23  Roach x3  
Tags
 
Add a new tag
Caveats
  • Supply blocks, unpowered buildings, or Contaminate may cause inaccurate times.
  • Supply counts are checked every 10 seconds.